 Dungeon Crawl Stone Soup version 0.29.1-1-gd02db6906a (webtiles) character file.

Game seed: 13571248518655056445

1880 RogueRain17 the Grappler (level 8, -2/56 HPs)
             Began as a Demonspawn Gladiator on Sept 21, 2022.
             Was an Initiate of Makhleb.
             Slain by an iguana (10 damage)
             ... led by a gnoll sergeant
             ... on level 7 of the Dungeon.
             The game lasted 00:16:49 (7520 turns).

RogueRain17 the Grappler (Demonspawn Gladiator)     Turns: 7520, Time: 00:16:53

Health: -2/56      AC:  6    Str: 17    XL:     8   Next: 91%
Magic:  8/8        EV:  8    Int:  9    God:    Makhleb [......]
Gold:   475        SH: 11    Dex: 15    Spells: 7/7 levels left

rFire   . . .      SeeInvis .     - Unarmed
rCold   . . .      Faith    .   c - +2 kite shield {reflect}
rNeg    . . .      Spirit   .   t - +0 scale mail
rPois   +          Reflect  +   (helmet restricted)
rElec   .          Harm     .   (no cloak)
rCorr   .          Rampage  .   (no gloves)
Will    +....                   (no boots)
Stlth   ..........              (no amulet)
HPRegen 0.18/turn               j - ring of willpower
MPRegen 0.11/turn               u - ring of poison resistance

@: no status effects
A: claws 1, horns 2, foul stench 1, powered by pain 1, weakness stinger 2
a: Renounce Religion


You were on level 7 of the Dungeon.
You worshipped Makhleb.
Makhleb was noncommittal.
You visited 2 branches of the dungeon, and saw 8 of its levels.

You collected 475 gold pieces.

Inventory:

Missiles
 d - 3 throwing nets (quivered)
 e - a javelin
Armour
 c - a +2 kite shield of reflection (worn)
 t - a +0 scale mail (worn)
Jewellery
 j - a ring of willpower (left claw)
 u - a ring of poison resistance (right claw)
Wands
 b - a wand of polymorph (4)
 m - a wand of flame (38)
Scrolls
 g - a scroll of poison
 h - a scroll of brand weapon
 i - a scroll of enchant weapon
 l - 2 scrolls of immolation
 n - 2 scrolls of teleportation
 o - 2 scrolls of fear
 p - 3 scrolls of enchant armour {unknown}
Potions
 a - a potion of ambrosia {unknown}
 f - a potion of attraction
 k - a potion of haste {unknown}
 q - a potion of might
 r - a potion of mutation {unknown}
 s - 4 potions of flight {unknown}


   Skills:
 - Level 2.0 Fighting
 - Level 3.2 Axes
 - Level 1.7 Throwing
 - Level 2.6 Dodging
 + Level 4.0 Shields
 * Level 9.5 Unarmed Combat


You had 7 spell levels left.
You didn't know any spells.
Your spell library contained the following spells:

 Spells                   Type           Power      Damage    Failure   Level
 Necrotise                Necr           0%         1d4       99%         1
 Sandblast                Erth           0%         2d4       99%         1
 Summon Small Mammal      Summ           0%         N/A       99%         1
 Passwall                 Tmut/Erth      0%         N/A       100%        2
 Call Canine Familiar     Summ           0%         N/A       100%        3
 Confusing Touch          Hex            0%         N/A       100%        3
 Conjure Flame            Conj/Fire      0%         6-21      100%        3
 Ignite Poison            Fire/Tmut/Pois 0%         N/A       100%        3
 Stone Arrow              Conj/Erth      0%         3d7       100%        3
 Summon Guardian Golem    Hex/Summ       0%         N/A       100%        3
 Vampiric Draining        Necr           0%         2d6       100%        3
 Sticky Flame             Conj/Fire      0%         2d3       100%        4
 Agony                    Necr           0%         N/A       100%        5
 Yara's Violent Unravell  Hex/Tmut       0%         3d3       100%        5
 Enfeeble                 Hex            0%         N/A       100%        7


Dungeon Overview and Level Annotations

Branches:
Dungeon (7/15)             Temple (1/1) D:5

Altars:
Dithmenos
Fedhas
Gozag
Hepliaklqana
Kikubaaqudgha
Makhleb
Nemelex Xobeh
Okawaru
Qazlal
Ru
Sif Muna
Trog
Vehumet
Wu Jian
Xom
Yredelemnul


Innate Abilities, Weirdness & Mutations

You have sharp fingernails.
You have a pair of horns on your head.
You may rarely emit foul miasma when damaged in melee.
You sometimes gain a little power by taking damage.
You have a tail ending in a sharp stinger.


Message History

The sky beast is heavily wounded.
The sky beast flickers out of sight!
Deactivating autopickup; reactivate with Ctrl-A.
You block something's attack.
The gnoll hits you from afar with a +0 spear.
You miss something. Something hits you but does no damage.
The gnoll closely misses you.
You closely miss something. Something hits you. Something shocks you.
The gnoll hits you from afar with a +0 spear.
You claw something! Something hits you. Something shocks you.
The gnoll closely misses you. You block something's attack.
You closely miss something. Your headbutt misses something.
Your tail-slap misses something.
Something hits you. Something shocks you. You block the gnoll's attack.
You miss something. Your headbutt misses something. Something hits you.
Something shocks you.
* * * LOW HITPOINT WARNING * * *
You block the gnoll's attack.
As you read the scroll of fear, it crumbles to dust.
You assume a fearsome visage.
The gnoll looks frightened!
Aiming: Polymorph
Press: ? - help, Shift-Dir - straight line, f - gnoll
Aim: a gnoll, wielding a +0 spear of venom (will become a giant cockroach, a river rat, or an iguana, chance to affect: 57%)
The gnoll evaporates and reforms as an iguana!
A sky beast appears from thin air!
Reactivating autopickup.
The sky beast flickers out of sight!
Deactivating autopickup; reactivate with Ctrl-A.
You scratch the iguana but do no damage.
Your headbutt misses the iguana.
Your tail-slap misses the iguana.
You block the iguana's attack.
You scratch the iguana.
The iguana is heavily wounded.
Something hits you.
* * * LOW HITPOINT WARNING * * *
Something shocks you.
* * * LOW HITPOINT WARNING * * *
You emit a cloud of foul miasma!
The iguana bites you!
You die...

##### #...# #...#
####...####
#(........########
#................##
#......).l@ยง......#
####...#########..#
#...# #..# #...#
#..######### ##..#
#####.g.....<...
#..#####.{ggg.#########
#....g.#g####.#
##.###.#.# #.#
#.###.#.####.#


You could see an iguana.

Vanquished Creatures
  A wyvern (D:5)
  4 vampire mosquitoes (D:6)
  2 water moccasins
  A black bear (D:4)
  2 ogres
  A kobold brigand (D:6)
  4 scorpions
  A howler monkey (D:4)
  2 iguanas (D:5)
  Terence (D:3)
  An orc wizard (D:3)
  Robin (D:3)
  9 adders
  7 gnolls
  A white imp (D:6)
  3 ufetubi
  6 dart slugs
  6 orcs
  6 bats
  8 endoplasms
  5 giant cockroaches
  13 goblins
  13 hobgoblins
  10 jackals
  2 quokkas
  7 ball pythons
  5 frilled lizards
  19 kobolds
  6 rats
147 creatures vanquished.

Notes
Turn   | Place    | Note
-------+----------+-------------------------------------------
     0 | D:1      | RogueRain17 the Demonspawn Gladiator began the quest for
                  | the Orb.
     0 | D:1      | Reached XP level 1. HP: 16/16 MP: 1/1
   113 | D:1      | Discovered your monstrous ancestry.
   113 | D:1      | Gained mutation: You have sharp fingernails. [demonic
                  | ancestry]
   113 | D:1      | Reached XP level 2. HP: 22/22 MP: 2/2
   225 | D:1      | Reached skill level 1 in Unarmed Combat
   828 | D:1      | Found a faded altar of an unknown god.
   904 | D:1      | Gained mutation: You sometimes gain a little power by
                  | taking damage. [demonic ancestry]
   904 | D:1      | Reached XP level 3. HP: 24/27 MP: 3/3
  1459 | D:2      | Found a shimmering altar of Xom.
  1485 | D:2      | Reached skill level 2 in Unarmed Combat
  1874 | D:2      | Gained mutation: You may rarely emit foul miasma when
                  | damaged in melee. [demonic ancestry]
  1874 | D:2      | Reached XP level 4. HP: 22/33 MP: 4/4
  2128 | D:2      | Reached skill level 3 in Unarmed Combat
  2360 | D:3      | Identified the +7 dagger "Goycs" {protect, rElec rF- Dex+2}
  2510 | D:3      | Gained mutation: You have a small tail. [demonic ancestry]
  2510 | D:3      | Reached XP level 5. HP: 37/38 MP: 5/5
  2774 | D:3      | Reached skill level 4 in Unarmed Combat
  2856 | D:3      | Noticed Robin
  2870 | D:3      | Killed Robin
  3008 | D:3      | Noticed Terence
  3023 | D:3      | Killed Terence
  3458 | D:3      | Reached skill level 5 in Unarmed Combat
  3458 | D:3      | Gained mutation: You have a tail ending in a sharp stinger.
                  | [demonic ancestry]
  3458 | D:3      | Reached XP level 6. HP: 31/44 MP: 6/6
  4272 | D:4      | Reached skill level 6 in Unarmed Combat
  4361 | D:4      | Gained mutation: You have a pair of small horns on your
                  | head. [demonic ancestry]
  4361 | D:4      | Reached XP level 7. HP: 42/50 MP: 7/7
  4480 | D:4      | You fall into a shaft and drop 1 floor!
  4480 | D:5      | Entered Level 5 of the Dungeon
  4545 | D:5      | Reached skill level 7 in Unarmed Combat
  4999 | D:5      | Found a staircase to the Ecumenical Temple.
  5020 | Temple   | Entered the Ecumenical Temple
  5026 | Temple   | Became a worshipper of Makhleb the Destroyer
  5036 | Temple   | Identified a scroll of acquirement
  5037 | Temple   | Acquired a +2 kite shield of reflection
  5291 | D:5      | Reached skill level 1 in Shields
  5549 | D:5      | Noticed a wyvern
  5566 | D:5      | Killed a wyvern
  5567 | D:5      | Reached skill level 8 in Unarmed Combat
  5567 | D:5      | Gained mutation: You have a pair of horns on your head.
                  | [demonic ancestry]
  5567 | D:5      | Reached XP level 8. HP: 24/56 MP: 8/8
  6580 | D:6      | Found a stormy altar of Qazlal.
  6583 | D:6      | Noticed an air elemental
  6785 | D:6      | Reached skill level 9 in Unarmed Combat
  7520 | D:7      | Slain by an iguana

Illustrated notes

Levels and vault maps discovered:
D:1:      lightli_arrival_farm, layout_loops_ring,
          hellmonk_ecumenical_altar_zigzags
D:2:      layout_rooms, basic_altar, chequers_hall_statues_y
D:3:      layout_loops_ring, minmay_misc_feat_square, uniq_robin, uniq_terence
D:4:      layout_rooms
D:5:      layout_basic, minmay_temple_entry_arrows, nrook_mini_backslash,
          small_statue_intersection
D:6:      layout_loops_ring, nicolae_qazlal_style_of_elements
D:7:      layout_loops_ring, gammafunk_temple_overflow_forgotten
Temple:   sentei_temple_godly_chess

Skill      XL: |  1  2  3  4  5  6  7  8 |
---------------+-------------------------+-----
Axes           | 3 |  3.2
Unarmed Combat | 1 2 3 5 6 8 9 |  9.5
Shields        | 2 4 |  4.0
Fighting       | |  2.0
Throwing       | |  1.7
Dodging        | |  2.6

Action                   |  1- 3 |  4- 6 |  7- 9 || total
-------------------------+-------+-------+-------++-------
Melee: War axe           |   102 |    36 |       ||   138
       Punch             |     1 |     5 |     1 ||     7
       Unarmed           |       |   157 |   128 ||   285
       Tailslap          |       |    14 |    12 ||    26
       Headbutt          |       |       |    24 ||    24
Evoke: Wand              |       |       |     2 ||     2
  Use: Scroll            |       |       |    14 ||    14
       Potion            |       |       |     4 ||     4
 Stab: Sleeping          |       |     2 |       ||     2
Armor: Leather armour    |    35 |    41 |       ||    76
       Scale mail        |       |    15 |    19 ||    34
       Skin              |       |       |    12 ||    12
Dodge: Dodged            |    81 |    92 |    31 ||   204
Block: Kite shield       |       |       |    76 ||    76
       Buckler           |       |       |     2 ||     2
